Map: Emerald City LE

Players

A.I. 2 (Harder) - Winner!

  • Race: Terran Terran

Belardo

  • Race: Zerg Zerg
  • League: Diamond
  • Spawn Location: 5:00

VOD

Have the link to the VOD?

Description

Zerg macro roach build, early aggression

Time

  • Played on: Dec. 13, 2020, 6:03 a.m.
  • Length: 6:22
Show
View Real Time Build Order
Export as new Build Order

A.I. 2 (Harder) Terran - Winner!

Build Orders:  

Get SALT Encoding   

Show
View Real Time Build Order
Export as new Build Order

Belardo Zerg 

Build Orders: Hatch First 

Get SALT Encoding   

  12  0:00  Drone  
  13  0:11  Overlord  
  13  0:17  Drone  
  14  0:29  Drone x2  
  14  0:34  Drone  
  17  0:51  Hatchery  
  17  0:55  Drone  
  17  0:57  Drone  
  18  1:09  Extractor  
  17  1:13  Spawning Pool  
  17  1:16  Drone  
  17  1:20  Drone  
  18  1:27  Drone  
  19  1:38  Drone  
  20  1:48  Drone  
  21  2:01  Overlord  
  21  2:02  Queen x2  
  21  2:05  Drone  
  26  2:09  Roach Warren  
  26  2:12  Drone  
  26  2:15  Drone  
  26  2:20  Drone  
  28  2:25  Drone  
  29  2:31  Drone  
  29  2:36  Overlord  
  30  2:47  Hatchery  
  30  2:50  Drone  
  30  2:52  Drone  
  30  2:56  Overlord  
  31  3:02  Roach  
  31  3:04  Roach  
  35  3:08  Roach  
  35  3:12  Roach  
  39  3:15  Roach  
  39  3:18  Roach  
  43  3:21  Drone  
  43  3:22  Drone  
  45  3:29  Lair  
  45  3:31  Extractor  
  45  3:33  Drone  
  45  3:34  Drone  
  45  3:37  Drone  
  45  3:39  Drone  
  48  3:43  Overlord  
  48  3:47  Drone  
  48  3:48  Drone  
  50  3:50  Drone  
  51  3:55  Overlord  
  51  3:57  Drone  
  51  3:58  Drone  
  51  4:01  Drone  
  55  4:02  Drone  
  55  4:04  Drone  
  55  4:08  Drone  
  55  4:09  Drone  
  58  4:15  Drone  
  58  4:16  Drone  
  60  4:20  Drone x3  
  60  4:21  Drone x2  
  65  4:28  Glial Reconstitution  
  65  4:32  Roach x3  
  65  4:36  Overlord  
  65  4:37  Drone  
  68  4:43  Drone  
  68  4:44  Drone x2  
  69  4:47  Drone x6  
  69  4:54  Extractor x2, Drone x2  
  69  4:55  Evolution Chamber  
  69  4:59  Drone  
  69  5:03  Roach  
  71  5:08  Queen  
  71  5:09  Overlord  
  71  5:10  Roach  
  75  5:17  Evolution Chamber, Drone x2  
  75  5:18  Roach x3  
  75  5:21  Overlord  
  82  5:24  Overlord  
  82  5:28  Drone x3  
  85  5:29  Drone  
  86  5:37  Hatchery, Roach x2  
  89  5:47  Roach x3  
  95  5:54  Roach x3  
  95  5:55  Roach x2, Overlord  
  95  5:56  Overlord  
  105  6:06  Drone  
  106  6:14  Infestation Pit  
  106  6:18  Hydralisk Den  
Tags
 
Add a new tag
Caveats
  • Supply blocks, unpowered buildings, or Contaminate may cause inaccurate times.
  • Supply counts are checked every 10 seconds.